 Dungeon Crawl Stone Soup version 0.21-a0-59-g7b0e191 (webtiles) character file.

25 grindst0ne the Sneak (level 2, -2/19 HPs)
             Began as a Vampire Enchanter on June 16, 2017.
             Slain by a kobold
             ... wielding a +0 whip
              (4 damage)
             ... on level 1 of the Dungeon.
             The game lasted 00:02:23 (1325 turns).

grindst0ne the Sneak (Vampire Enchanter)            Turns: 1325, Time: 00:02:24

Health: -2/19      AC:  2    Str:  7    XL:     2   Next: 86%
Magic:  5/5        EV: 12    Int: 17    God:
Gold:   23         SH:  0    Dex: 14    Spells: 2/5 levels left

rFire    . . .     SeeInvis +   a - +1 dagger
rCold    + . .     Gourm    .   (no shield)
rNeg     + + .     Faith    .   b - +0 robe
rPois    +         Spirit   .   (no helmet)
rElec    .         Reflect  .   (no cloak)
rCorr    .         Harm     .   (no gloves)
MR       +....                  (no boots)
Stlth    ++++......             (no amulet)
HPRegen  0.03/turn              e - ring of protection from magic
MPRegen  0.09/turn              (no ring)

@: regenerating slowly
A: fangs 3, see invisible, unbreathing
a: no special abilities


You were on level 1 of the Dungeon.
You were very thirsty.

You visited 1 branch of the dungeon, and saw 1 of its levels.

You collected 23 gold pieces.

Inventory:

Hand Weapons
 a - a +1 dagger (weapon)
Armour
 b - a +0 robe (worn)
Jewellery
 e - a ring of protection from magic (left hand)
Scrolls
 f - a scroll of magic mapping {unknown}
Potions
 q - 13 potions of blood
Books
 c - a book of Maledictions

   Spells                             Type                      Level
   a - Corona                         Hexes                        1
   b - Ensorcelled Hibernation        Hexes/Ice                    2
   c - Confuse                        Hexes                        3
   d - Tukima's Dance                 Hexes                        3
   e - Dazzling Spray                 Conjuration/Hexes            3


   Skills:
 - Level 1.1 Short Blades
 - Level 2.1 Dodging
 + Level 5.6 Stealth
 - Level 2.0 Spellcasting
 + Level 5.1 Hexes


You had 2 spell levels left.
You knew the following spells:

 Your Spells              Type           Power        Failure   Level  Hunger
b - Ensorcelled Hibernat  Hex/Ice        ##....       10%         2    ###....
o - Corona                Hex            ###....      2%          1    #......


Dungeon Overview and Level Annotations

Branches:
Dungeon (1/15)

Altars:


Innate Abilities, Weirdness & Mutations

You heal slowly.
You have razor-sharp teeth.
You have supernaturally acute eyesight. (SInv)
You can survive without breathing.


Message History

Press: ? - help, Shift-Dir - straight line, f - you, p - kobold That would be overly suicidal.
Okay, then.
Casting: Ensorcelled Hibernation
Confirm with . or Enter, or press ? or * to list all spells.
Aiming: Ensorcelled Hibernation
Press: ? - help, Shift-Dir - straight line, f - you
Okay, then.
You hit the kobold but do no damage. The kobold hits you with a whip.
You hit the kobold but do no damage. The kobold hits you with a whip.
You hit the kobold.
The kobold is heavily wounded.
The kobold hits you with a whip.
* * * LOW HITPOINT WARNING * * *
You closely miss the kobold.
The kobold is heavily wounded.
The kobold hits you but does no damage.
It was a potion of cancellation.
You feel magically purged. The kobold hits you with a whip.
You die...

#.#.....###. #.###.#...#.
############# #.# #.###.#.
............# #.# #.......
............# ######.# #####...
............# #......########.#
............# #.#######........
............####.###.......#....
.............)K@................
.............###.##..###.#.#.#..
#............(.......# #.#.#.###
.............###.#...# #.#.#....
##########..(###.#...# #.#.#####
#...(...#...# #.#.# #..
###.#####...###.#.# #.# .....
....#.#####.......#.# #.# ......
...#............##.# #.#


You could see a kobold.

Vanquished Creatures
  A bat (D:1)
  A giant cockroach (D:1)
  3 goblins (D:1)
  2 hobgoblins (D:1)
  5 jackals (D:1)
  A ball python (D:1)
  2 frilled lizards (D:1)
  5 kobolds (D:1)
  2 rats (D:1)
22 creatures vanquished.

Notes
Turn   | Place    | Note
-------+----------+-------------------------------------------
     0 | D:1      | grindst0ne the Vampire Enchanter began the quest for the Orb.
     0 | D:1      | Reached XP level 1. HP: 13/13 MP: 3/3
   365 | D:1      | Reached XP level 2. HP: 10/19 MP: 5/5
   379 | D:1      | Reached skill level 5 in Stealth
   385 | D:1      | Learned a level 2 spell: Ensorcelled Hibernation
   936 | D:1      | Reached skill level 5 in Hexes
  1325 | D:1      | Slain by a kobold

Vault maps used:
D:1:      minmay_arrival_open_corners

Skill      XL: |  1  2 |
---------------+-------+-----
Stealth        | 5 |  5.6
Hexes          | 5 |  5.1
Short Blades   | |  1.1
Dodging        | |  2.1
Spellcasting   | |  2.0

Action                   || total
-------------------------++-------
Melee: Dagger            ||    84
       Bite              ||     4
 Cast: Ensorcelled Hiber ||     5
  Use: Potion            ||     1
 Stab: Sleeping          ||     7
Armor: Robe              ||    11
Dodge: Dodged            ||    55
